 Dungeon Crawl Stone Soup version 0.21-a0-442-g848f44b (webtiles) character file.

641 qqqbard the Twirler (level 7, 0/44 HPs)
             Began as a Gargoyle Gladiator on Nov 13, 2017.
             Slain by an ogre
             ... wielding a +0 giant club
              (24 damage)
             ... on level 4 of the Dungeon.
             The game lasted 00:04:25 (2584 turns).

qqqbard the Twirler (Gargoyle Gladiator)            Turns: 2584, Time: 00:04:26

Health: 0/44       AC:  9    Str: 18    XL:     7   Next: 51%
Magic:  7/7        EV: 13    Int:  9    God:
Gold:   142        SH:  0    Dex: 12    Spells: 6/6 levels left

rFire    . . .     SeeInvis +   a - +0 quarterstaff
rCold    . . .     Gourm    .   (shield currently unavailable)
rNeg     + . .     Faith    .   b - +0 leather armour
rPois    ∞         Spirit   .   c - +0 helmet
rElec    +         Reflect  .   (no cloak)
rCorr    .         Harm     .   (no gloves)
MR       .....                  (no boots)
Stlth    +.........             (no amulet)
HPRegen  0.14/turn              n - ring of see invisible
MPRegen  0.10/turn              r - +4 ring of slaying

@: no status effects
A: negative energy resistance 1, electricity resistance, unbreathing,
petrification resistance, rot immunity, AC +4
a: no special abilities


You were on level 4 of the Dungeon.
You were not hungry.

You visited 1 branch of the dungeon, and saw 4 of its levels.

You collected 142 gold pieces.

Inventory:

Hand Weapons
 a - a +0 quarterstaff (weapon)
Missiles
 d - 3 throwing nets (quivered)
Armour
 b - a +0 leather armour (worn)
 c - a +0 helmet (worn)
Jewellery
 g - an uncursed ring of protection from cold
 n - a ring of see invisible (left hand)
 r - a +4 ring of slaying (right hand)
Scrolls
 e - a scroll of enchant weapon {unknown}
 h - 2 scrolls of teleportation {unknown}
 i - 5 scrolls of identify
 j - 3 scrolls of remove curse
 l - a scroll of magic mapping {unknown}
 o - a scroll of recharging {unknown}
 q - a scroll of enchant armour {unknown}
 B - a scroll of fog {unknown}
Potions
 m - a potion of haste {unknown}
 p - a potion of flight {unknown}
 t - a potion of might {unknown}
 u - a potion of ambrosia {unknown}
 v - 2 potions of curing
 x - 2 potions of lignification {unknown}
 A - a potion of heal wounds {unknown}
Books
 y - a book of Misfortune

   Spells                             Type                      Level
   a - Confusing Touch                Hexes                        1
   b - Confuse                        Hexes                        3
   c - Gell's Gravitas                Translocation                3
   d - Petrify                        Transmutation/Earth          4
   e - Metabolic Englaciation         Hexes/Ice                    5
   f - Yara's Violent Unravelling     Hexes/Transmutation          5
Comestibles
 f - 3 bread rations
 k - 3 fruits
 s - 9 chunks of flesh
 w - a meat ration


   Skills:
 + Level 4.4 Fighting
 * Level 5.8 Staves
 - Level 1.7 Throwing
 + Level 3.5 Armour
 + Level 3.7 Dodging


You had 6 spell levels left.
You didn't know any spells.

Dungeon Overview and Level Annotations

Branches:
Dungeon (4/15)
 Temple: D:4-7

Altars:
Gozag
The Shining One


Innate Abilities, Weirdness & Mutations

You are resistant to torment.
Your stone body is resilient. (AC +4)
You are immune to poison.
You resist negative energy. (rN+)
You are resistant to electric shocks. (rElec)
You can survive without breathing.
You are immune to petrification.
You are immune to rotting.


Message History

There is a stone staircase leading down here.
An ogre comes into view. It is wielding a giant club.
The ogre shouts!
You hear a shout! x2
Found 22 arrows.
An ogre is nearby!
A gnoll comes into view. It is wielding a spear.
You barely miss the ogre. The ogre hits you with a giant club!!
You hit the ogre.
The ogre is lightly wounded.
The ogre closely misses you.
You hit the ogre.
The ogre is lightly wounded.
A gnoll comes into view. It is wielding a club.
The gnoll shouts!
You hit the ogre.
The ogre is moderately wounded.
You hear a shout!
The ogre hits you with a giant club!!
Ouch! That really hurt!
You die...

.# ... #.#
#.# #.# #.#
#.#
#$####..g..
#..@O.g.(.#
#.#########
#.# #.# #.#
. #.# #
#.###### #
#......# #
#.####.# #


You could see an ogre and 2 gnolls.

Vanquished Creatures
  Sigmund (D:2)
  A phantom (D:4)
  3 orc priests (D:2)
  An iguana (D:4)
  2 orc wizards (D:2)
  Natasha (thrice) (D:2)
  A worker ant (D:4)
  4 gnolls
  3 adders
  4 worms
  2 dart slugs
  3 leopard geckos
  7 orcs
  6 bats
  2 giant cockroaches
  3 goblins
  8 hobgoblins
  2 jackals (D:2)
  A quokka (D:4)
  A ball python (D:2)
  2 frilled lizards
  10 kobolds
  4 rats
74 creatures vanquished.

Notes
Turn   | Place    | Note
-------+----------+-------------------------------------------
     0 | D:1      | qqqbard the Gargoyle Gladiator began the quest for the Orb.
     0 | D:1      | Reached XP level 1. HP: 12/12 MP: 1/1
    76 | D:1      | Reached XP level 2. HP: 18/18 MP: 2/2
   355 | D:1      | Reached skill level 1 in Armour
   359 | D:1      | Reached XP level 3. HP: 10/22 MP: 3/3
   909 | D:2      | Noticed Natasha
   909 | D:2      | Reached XP level 4. HP: 18/27 MP: 4/4
   917 | D:2      | Killed Natasha
   917 | D:2      | Reached skill level 4 in Staves
  1107 | D:2      | Noticed Sigmund
  1117 | D:2      | HP: 1/27 [Sigmund/scythe (5)]
  1121 | D:2      | Killed Sigmund
  1121 | D:2      | Reached XP level 5. HP: 6/32 MP: 5/5
  1121 | D:2      | Reached XP level 6. HP: 7/37 MP: 6/6
  1349 | D:2      | Noticed Natasha
  1352 | D:2      | Killed Natasha
  1377 | D:2      | Noticed Natasha
  1383 | D:2      | Killed Natasha
  1422 | D:2      | Reached skill level 5 in Staves
  1515 | D:2      | Reached XP level 7. HP: 34/42 MP: 7/7
  1568 | D:2      | Found an opulent altar of Gozag.
  1568 | D:2      | Found a glowing golden altar of the Shining One.
  2584 | D:4      | Slain by an ogre

Vault maps used:
D:1:      dpeg_arrival_tiny_k
D:2:      cheibrodos_pilgrimage, gammafunk_temple_overflow_wave, uniq_natasha,
          uniq_sigmund
D:4:      first_bread

Skill      XL: |  1  2  3  4  5  6  7 |
---------------+----------------------+-----
Armour         | 1 2 3 |  3.5
Staves         | 4 5 |  5.8
Fighting       | 3 4 |  4.4
Dodging        | 3 |  3.7
Throwing       | |  1.7

Action                   |  1- 3 |  4- 6 |  7- 9 || total
-------------------------+-------+-------+-------++-------
Melee: Quarterstaff      |   100 |    58 |    69 ||   227
  Use: Scroll            |     4 |       |       ||     4
       Potion            |       |     1 |       ||     1
 Stab: Sleeping          |     1 |       |       ||     1
  Eat: Chunk             |       |     2 |     4 ||     6
Armor: Leather armour    |    41 |    16 |    14 ||    71
Dodge: Dodged            |    89 |    25 |    30 ||   144

Table legend:
 A = Spawn XP
 B = Non-spawn XP
 C = Spawn XP percentage of total XP
 D = Spawn monster count
 E = Non-spawn monster count
 F = Spawn count percentage of total count
 G = Total turns spent on level
                    A         B        C        D         E        F      G
               +---------+---------+-------+---------+---------+-------+---------
         Total |       0 |     916 |   0.0 |       0 |      74 |   0.0 |  2584
               +---------+---------+-------+---------+---------+-------+---------
           D:1 |       0 |      49 |   0.0 |       0 |      22 |   0.0 |   784
           D:2 |       0 |     575 |   0.0 |       0 |      31 |   0.0 |  1101
           D:3 |       0 |      42 |   0.0 |       0 |      12 |   0.0 |   325
           D:4 |       0 |     250 |   0.0 |       0 |       9 |   0.0 |   374
               +---------+---------+-------+---------+---------+-------+---------
